[Event "Titled Tuesday Blitz August 22 Early 2023"]
[White "Mrithyunjay Mahadevan"]
[Black "disciplinedbrat"]
[WhiteFideId "45003521"]
[WhiteElo "2480"]
[BlackElo "2329"]
[Result "1-0"]
[Round "4"]
[TimeControl "180+1"]
[Date "2023.08.22"]
[WhiteClock "0:01:32"]
[BlackClock "0:00:00"]
[Board "184"]

1. e4 c6 2. Nf3 d5 3. Nc3 dxe4 4. Nxe4 Nf6 5. Qe2 Nxe4 6. Qxe4 Qd5 7. Qxd5 cxd5 8. d4 a6 9. Bd3 Nc6 10. c4 dxc4 11. Bxc4 Bg4 12. Ne5 Nxe5 13. dxe5 e6 14. O-O Be7 15. Bd3 O-O 16. h3 Bh5 17. Be3 Rfd8 18. Be4 Rd7 19. f4 Bg6 20. Bf3 Rd3 21. Bf2 Rad8 22. Bxb7 a5 23. Bf3 h6 24. Rfd1 Bb4 25. Rxd3 Rxd3 26. Rd1 Rxd1+ 27. Bxd1 Bd2 28. Kf1 Bxf4 29. Bd4 Kf8 30. Kf2 Bd2 31. a3 Bd3 32. Be2 Be4 33. Bb5 Bd5 34. g3 Ke7 35. Ke2 Bc1 36. Kd1 Bg5 37. h4 Bf3+ 38. Be2 Bxe2+ 39. Kxe2 Bc1 40. Kd1 1-0


[Site "https://www.chess.com"]

[Event "Titled Tuesday Blitz August 22 Early 2023"]
[White "Khamdamova, Afruza"]
[Black "Carre, Sylvain"]
[WhiteFideId "14210444"]
[BlackFideId "642118"]
[WhiteElo "2479"]
[BlackElo "2327"]
[Result "1-0"]
[Round "4"]
[TimeControl "180+1"]
[Date "2023.08.22"]
[WhiteClock "0:02:27"]
[BlackClock "0:01:01"]
[Board "185"]

1. e4 e5 2. Nf3 Nf6 3. d4 Nxe4 4. Bd3 d5 5. Nxe5 Nd7 6. Nc3 Nxe5 7. dxe5 Nxc3 8. bxc3 Be7 9. O-O Be6 10. Be3 c5 11. f4 c4 12. Be2 g6 13. Rb1 Qc7 14. Bg4 b6 15. Qf3 Bc5 16. Bxc5 Qxc5+ 17. Kh1 Rd8 18. f5 gxf5 19. Bxf5 Qe7 20. Rbe1 Qg5 21. Bxe6 1-0


[Site "https://www.chess.com"]

[Event "Titled Tuesday Blitz August 22 Early 2023"]
[White "kaanadayhamle"]
[Black "Fernandez Lopez, Ruben"]
[BlackFideId "24518298"]
[WhiteElo "2327"]
[BlackElo "2478"]
[Result "1-0"]
[Round "4"]
[TimeControl "180+1"]
[Date "2023.08.22"]
[WhiteClock "0:00:10"]
[BlackClock "0:01:30"]
[Board "186"]

1. Nf3 b6 2. g3 Bb7 3. Bg2 e6 4. O-O Nf6 5. c4 Be7 6. Nc3 O-O 7. d4 d5 8. Ne5 Nbd7 9. f4 c5 10. e3 Qc7 11. cxd5 Nxd5 12. Nxd5 Bxd5 13. Bxd5 exd5 14. Bd2 cxd4 15. exd4 Nf6 16. Rc1 Qb7 17. Qb3 Ne4 18. Rfd1 Rac8 19. Bb4 Bxb4 20. Qxb4 f6 21. Nd3 Qa6 22. Qb3 Rc4 23. Nb4 Qa5 24. Nxd5 Rxc1 25. Rxc1 Qd2 26. Rc2 Qxd4+ 27. Kg2 Kh8 28. Qc4 Qxc4 29. Rxc4 Nc5 30. b4 Ne6 31. Re4 Re8 32. Kf3 Kg8 33. h4 Kf7 34. f5 Nd8 35. Rxe8 Kxe8 36. Ke4 Kd7 37. Nf4 Nf7 38. Nh5 Nd6+ 39. Kf4 Kc6 40. Nxg7 Kb5 41. g4 Kxb4 42. g5 fxg5+ 43. hxg5 a5 44. f6 a4 45. Ne6 a3 46. Nd4 Kc3 47. Nb5+ Nxb5 48. f7 Nd4 49. Ke5 Nf3+ 50. Kf6 Nd2 51. f8=Q Kb2 52. Qb4+ Kxa2 53. Qxd2+ Kb3 54. Qc1 a2 55. Qa1 b5 56. Kg7 b4 57. Kxh7 Ka3 58. g6 b3 59. Qc1+ b2 60. Qc3+ 1-0


[Site "https://www.chess.com"]

[Event "Titled Tuesday Blitz August 22 Early 2023"]
[White "Itkis, Boris"]
[Black "Afanasieva, Alexandra"]
[WhiteFideId "1209167"]
[BlackFideId "34126926"]
[WhiteElo "2477"]
[BlackElo "2323"]
[Result "1-0"]
[Round "4"]
[TimeControl "180+1"]
[Date "2023.08.22"]
[WhiteClock "0:01:29"]
[BlackClock "0:00:02"]
[Board "187"]

1. c4 e6 2. Nf3 d5 3. e3 Nf6 4. b3 c5 5. Bb2 Nc6 6. cxd5 exd5 7. Bb5 Bg4 8. O-O Bd6 9. d4 cxd4 10. Bxd4 O-O 11. Bb2 Qe7 12. Nbd2 Rad8 13. h3 Bh5 14. Rc1 Ne4 15. Be2 Rfe8 16. Nd4 Bxe2 17. Qxe2 Nxd4 18. Bxd4 b6 19. Nxe4 Qxe4 20. Qf3 Qg6 21. Rfd1 h6 22. Kf1 Re4 23. Rc6 Qe6 24. Bb2 f6 25. Ba3 Qe7 26. Bxd6 Rxd6 27. Rxd6 Qxd6 28. Qxe4 1-0


[Site "https://www.chess.com"]

[Event "Titled Tuesday Blitz August 22 Early 2023"]
[White "Sovetbekova, Nurai"]
[Black "Tsyhanchuk, Stanislav"]
[WhiteFideId "13801910"]
[BlackFideId "13505130"]
[WhiteElo "2321"]
[BlackElo "2477"]
[Result "0-1"]
[Round "4"]
[TimeControl "180+1"]
[Date "2023.08.22"]
[WhiteClock "0:00:20"]
[BlackClock "0:00:21"]
[Board "188"]

1. d4 Nf6 2. c4 e6 3. Nc3 Bb4 4. Qc2 O-O 5. a3 Bxc3+ 6. Qxc3 c5 7. dxc5 Ne4 8. Qc2 f5 9. Nf3 Nxc5 10. b4 Ne4 11. Bb2 b6 12. e3 Bb7 13. Bd3 d6 14. O-O Nd7 15. Rfd1 Ndf6 16. Rac1 Rc8 17. Qb3 Qe8 18. h3 Kh8 19. Nd2 Qg6 20. Nxe4 Nxe4 21. Bf1 f4 22. exf4 Rxf4 23. f3 Ng5 24. Qd3 Nxf3+ 25. Kh1 Qg3 26. Bxg7+ Kxg7 27. Qc3+ e5 28. gxf3 Rxf3 0-1


[Site "https://www.chess.com"]

[Event "Titled Tuesday Blitz August 22 Early 2023"]
[White "Coelho, Ramyres Santana"]
[Black "Urbina Perez, Juan Antonio"]
[WhiteFideId "2120690"]
[BlackFideId "2217368"]
[WhiteElo "2319"]
[BlackElo "2475"]
[Result "0-1"]
[Round "4"]
[TimeControl "180+1"]
[Date "2023.08.22"]
[WhiteClock "0:00:04"]
[BlackClock "0:01:27"]
[Board "189"]

1. e4 c5 2. Nf3 d6 3. d4 cxd4 4. Nxd4 Nf6 5. Nc3 a6 6. f3 e5 7. Nb3 Be6 8. Be3 Be7 9. Qd2 O-O 10. O-O-O Nbd7 11. g4 b5 12. g5 Ne8 13. Nd5 Bxd5 14. exd5 f5 15. gxf6 Bxf6 16. Na5 Rc8 17. Nc6 Qc7 18. Bd3 Nb8 19. Bf5 Nxc6 20. Bxc8 Qxc8 21. dxc6 Qxc6 22. Qd5+ Qxd5 23. Rxd5 Kf7 24. f4 Ke6 25. Rhd1 Rf7 26. fxe5 Bxe5 27. R5d2 Rf3 28. Re2 Nf6 29. Kb1 Rh3 30. Bf4 h6 31. Bxe5 dxe5 32. b3 Ng4 33. Rg1 h5 34. Rg3 Rxg3 35. hxg3 g5 36. c4 bxc4 37. bxc4 h4 38. gxh4 gxh4 39. Kc2 h3 40. Re1 h2 41. Rh1 Kd6 42. Kc3 Kc5 43. a3 e4 44. a4 a5 45. Kb3 e3 46. Kc3 Kc6 47. Kb3 Kd6 48. Kc3 Kc5 49. Kb3 Kd4 50. Rd1+ Kc5 51. Rh1 e2 52. Kc2 Nf2 53. Re1 h1=Q 54. Rxh1 Nxh1 55. Kd2 Ng3 56. Ke1 Kxc4 57. Kf2 Kb4 58. Kxg3 e1=Q+ 0-1


[Site "https://www.chess.com"]

[Event "Titled Tuesday Blitz August 22 Early 2023"]
[White "Blokhin, Sofia"]
[Black "Omariev, Maksim"]
[WhiteFideId "4508190"]
[BlackFideId "4193423"]
[WhiteElo "2304"]
[BlackElo "2474"]
[Result "0-1"]
[Round "4"]
[TimeControl "180+1"]
[Date "2023.08.22"]
[WhiteClock "0:00:05"]
[BlackClock "0:00:06"]
[Board "190"]

1. d4 h5 2. e4 h4 3. h3 d5 4. Nc3 dxe4 5. Nxe4 Bf5 6. Nc3 e6 7. Nf3 Be7 8. Bd3 Bxd3 9. Qxd3 c6 10. Be3 Na6 11. a3 Nf6 12. Ne5 Nc7 13. Ne2 Nd7 14. f4 Nd5 15. Bf2 g5 16. c4 Nxf4 17. Nxf4 gxf4 18. Nf3 Qa5+ 19. Kf1 O-O-O 20. Kg1 Rdg8 21. Kh2 Rg6 22. b4 Qh5 23. d5 Rhg8 24. Rhg1 exd5 25. cxd5 Qxd5 26. Qxd5 cxd5 27. Rac1+ Kb8 28. Nxh4 Bxh4 29. Bxh4 Ne5 30. Rcf1 f3 31. g4 Kc8 32. Bg3 Nxg4+ 33. Kh1 f2 34. Rg2 Ne3 35. Rfxf2 Nxg2 36. Rxg2 Rxg3 0-1


[Site "https://www.chess.com"]

[Event "Titled Tuesday Blitz August 22 Early 2023"]
[White "Wimalasuriya, Kasun M."]
[Black "Seletsky, Grigory"]
[WhiteFideId "9906789"]
[BlackFideId "14112191"]
[WhiteElo "2293"]
[BlackElo "2473"]
[Result "1-0"]
[Round "4"]
[TimeControl "180+1"]
[Date "2023.08.22"]
[WhiteClock "0:00:54"]
[BlackClock "0:00:34"]
[Board "191"]

1. d4 Nf6 2. c4 g6 3. Nf3 Bg7 4. g3 O-O 5. Bg2 c6 6. Nc3 d5 7. Qa4 b6 8. cxd5 cxd5 9. O-O Bb7 10. Ne5 a6 11. Rd1 b5 12. Qb3 e6 13. Bg5 h6 14. Bxf6 Bxf6 15. e4 dxe4 16. Nxe4 Bg7 17. Nf6+ Bxf6 18. Bxb7 Ra7 19. Bf3 Rc7 20. Qe3 Bg7 21. d5 exd5 22. Rxd5 Qe7 23. Rad1 Re8 24. Re1 Nc6 25. Nxc6 Qxe3 26. Rxe3 Rxe3 27. fxe3 Bxb2 28. Rd2 Bf6 29. Kf2 Kg7 30. Nb4 Ra7 31. Nd5 Be5 32. Rc2 h5 33. Rc6 a5 34. Rb6 b4 35. Rb5 Ba1 36. Bd1 h4 37. Ba4 hxg3+ 38. hxg3 g5 39. g4 Bb2 40. Nb6 Bf6 41. Nc4 Bd8 42. Kf3 f6 43. Nd6 Bc7 44. Nf5+ Kf7 45. Bb3+ Ke8 46. Rc5 Kd7 47. Ba4+ Ke6 48. Rc6+ Ke5 49. Bb3 1-0


[Site "https://www.chess.com"]

[Event "Titled Tuesday Blitz August 22 Early 2023"]
[White "Gavilan Diaz, Mario"]
[Black "Ruge, Edison"]
[WhiteFideId "2260905"]
[BlackFideId "4401000"]
[WhiteElo "2472"]
[BlackElo "2280"]
[Result "1-0"]
[Round "4"]
[TimeControl "180+1"]
[Date "2023.08.22"]
[WhiteClock "0:00:23"]
[BlackClock "0:00:11"]
[Board "192"]

1. d4 d5 2. c4 e5 3. dxe5 d4 4. Nf3 Nc6 5. a3 Bg4 6. b4 Bxf3 7. gxf3 Nxe5 8. Bb2 c5 9. Qa4+ Qd7 10. Qxd7+ Nxd7 11. Nd2 a5 12. b5 f5 13. e3 dxe3 14. fxe3 Ngf6 15. Bd3 g6 16. e4 fxe4 17. Nxe4 Be7 18. Ng5 O-O 19. O-O-O Nb6 20. Rhe1 Bd6 21. Ne6 Rf7 22. Kb1 Bxh2 23. Ng5 Bf4 24. Nxf7 Kxf7 25. Bf1 Re8 26. Rxe8 Nxe8 27. Kc2 h5 28. Kb3 a4+ 29. Kc2 h4 30. Bh3 Nd6 31. Bc1 Bg3 32. f4 Nbxc4 33. b6 Nb5 34. Rd7+ Kf6 35. Rxb7 Nbxa3+ 36. Kc3 Be1+ 37. Kd3 Nd6 38. Rd7 Nab5 39. b7 c4+ 40. Ke2 Nxb7 41. Rxb7 Nd6 42. Rb6 Ke7 43. Kxe1 Ne4 44. Rxg6 Nc5 45. Ba3 1-0


[Site "https://www.chess.com"]

[Event "Titled Tuesday Blitz August 22 Early 2023"]
[White "Reprintsev, Alexander"]
[Black "laimis61"]
[WhiteFideId "14100541"]
[WhiteElo "2472"]
[BlackElo "2273"]
[Result "1-0"]
[Round "4"]
[TimeControl "180+1"]
[Date "2023.08.22"]
[WhiteClock "0:01:15"]
[BlackClock "0:00:00"]
[Board "193"]

1. e4 c5 2. b3 Nc6 3. Bb2 d6 4. Bb5 Bd7 5. Ne2 Nf6 6. f3 e6 7. O-O Be7 8. d4 cxd4 9. Nxd4 O-O 10. Kh1 Rc8 11. Nxc6 bxc6 12. Bd3 e5 13. c4 Be6 14. Nc3 Qc7 15. Qd2 Rfd8 16. Rac1 Nd7 17. Bb1 h6 18. Qf2 Bg5 19. Rcd1 Nc5 20. h4 Bf6 21. g3 Qe7 22. Kh2 g5 23. hxg5 hxg5 24. g4 Bd7 25. Kg2 Ne6 26. Ne2 Kg7 27. Rh1 Rh8 28. Qxa7 Nf4+ 29. Nxf4 gxf4 30. Rxh8 Rxh8 31. Qc7 Qe8 32. Qxd6 Bxg4 33. fxg4 f3+ 34. Kxf3 Rh2 35. g5 Rxb2 36. Qxf6+ Kg8 37. Rd8 1-0


[Site "https://www.chess.com"]

[Event "Titled Tuesday Blitz August 22 Early 2023"]
[White "Hoffmann, Asa"]
[Black "Goncalves, Davi Sulzbacher"]
[WhiteFideId "2001470"]
[BlackFideId "2154510"]
[WhiteElo "2271"]
[BlackElo "2470"]
[Result "0-1"]
[Round "4"]
[TimeControl "180+1"]
[Date "2023.08.22"]
[WhiteClock "0:00:00"]
[BlackClock "0:00:11"]
[Board "194"]

1. d4 d5 2. Bg5 f6 3. Bf4 g5 4. Bg3 h5 5. h3 Nh6 6. e3 Nf5 7. Bh2 e6 8. Bd3 Bd6 9. Bxd6 Qxd6 10. c4 Nc6 11. Nc3 dxc4 12. Bxc4 Bd7 13. a3 O-O-O 14. Rc1 Nh4 15. g3 Nf5 16. Nge2 h4 17. g4 Ng7 18. Ne4 Qe7 19. Nc5 Ne5 20. Qb3 Bc6 21. Bxe6+ Nxe6 22. Qxe6+ Qxe6 23. Nxe6 Bxh1 24. dxe5 Rd7 25. exf6 Rh6 26. Nxg5 Rxf6 27. Nd4 b6 28. b4 Kb7 29. f4 Rxd4 30. exd4 Rxf4 31. Rd1 Bd5 32. Ke2 Rf8 33. Ke3 Rg8 34. Nf3 Kc6 35. Ne5+ Kb5 36. Kf4 Ka4 37. g5 Kxa3 38. Rc1 Kxb4 39. Rxc7 a5 40. Rd7 Bb3 41. Rb7 b5 42. Nc6+ Ka4 43. Ra7 Bd5 44. Nxa5 b4 45. Nc6+ Kb5 46. Nxb4 Kxb4 47. Kf5 Bg2 48. g6 Bxh3+ 49. Kf6 Bf1 50. Kf7 Bc4+ 51. Kf6 h3 52. Rh7 Rf8+ 53. Ke5 Rf3 54. g7 Rg3 55. d5 Kc5 56. Kf6 Bxd5 57. Rh5 Kd4 58. Rg5 Rxg5 59. Kxg5 h2 0-1


[Site "https://www.chess.com"]

[Event "Titled Tuesday Blitz August 22 Early 2023"]
[White "Slavin, Alexey"]
[Black "Yeritsyan, Hayk"]
[WhiteFideId "24104388"]
[BlackFideId "13307320"]
[WhiteElo "2262"]
[BlackElo "2468"]
[Result "1/2-1/2"]
[Round "4"]
[TimeControl "180+1"]
[Date "2023.08.22"]
[WhiteClock "0:00:10"]
[BlackClock "0:00:12"]
[Board "195"]

1. e4 g6 2. d4 Bg7 3. Nc3 c6 4. Nf3 d5 5. e5 Bg4 6. Be2 e6 7. O-O Ne7 8. Bg5 h6 9. Bh4 a6 10. Ne1 Bxe2 11. Nxe2 Nd7 12. f4 g5 13. fxg5 Nf5 14. Rxf5 exf5 15. Nf3 hxg5 16. Bxg5 f6 17. Bh4 Qb6 18. e6 Ne5 19. Nxe5 fxe5 20. Bg5 c5 21. dxe5 Qxe6 22. Nf4 Qxe5 23. Qf3 Qe4 24. Qg3 Kf7 25. Re1 Qd4+ 26. Kh1 Rae8 27. Rf1 Re3 28. Qf2 Re4 29. Qf3 Be5 30. Nh5 f4 31. Qg4 Rxh5 32. Qxh5+ Ke6 33. Qe8+ Kd6 34. Be7+ Kc7 35. Bd8+ Kd6 36. Qe7+ Kc6 37. Qe8+ Kd6 38. Qe7+ Kc6 39. Qe8+ Kd6 1/2-1/2


[Site "https://www.chess.com"]

[Event "Titled Tuesday Blitz August 22 Early 2023"]
[White "Rodriguez Santiago, Jaime"]
[Black "Hirneise, Jens"]
[WhiteFideId "3100898"]
[BlackFideId "24614734"]
[WhiteElo "2261"]
[BlackElo "2465"]
[Result "0-1"]
[Round "4"]
[TimeControl "180+1"]
[Date "2023.08.22"]
[WhiteClock "0:00:02"]
[BlackClock "0:01:15"]
[Board "196"]

1. d4 d5 2. c4 dxc4 3. e4 Nf6 4. Nc3 e5 5. dxe5 Qxd1+ 6. Nxd1 Nxe4 7. Bxc4 Bb4+ 8. Ke2 Bc5 9. f3 Bxg1 10. Rxg1 Nc5 11. Be3 Ne6 12. Rc1 Nc6 13. f4 O-O 14. g3 Rd8 15. Nc3 Ned4+ 16. Kf2 Bg4 17. Nd5 Ne6 18. b4 a6 19. a4 a5 20. b5 Nb4 21. Nxb4 axb4 22. Bb3 Rd3 23. Bxe6 fxe6 24. Rxc7 Rxa4 25. Rc8+ Kf7 26. Bc5 Ra2+ 0-1


[Site "https://www.chess.com"]

[Event "Titled Tuesday Blitz August 22 Early 2023"]
[White "AndresDelgado77"]
[Black "KrokerGuy"]
[WhiteElo "2236"]
[BlackElo "2464"]
[Result "0-1"]
[Round "4"]
[TimeControl "180+1"]
[Date "2023.08.22"]
[WhiteClock "0:00:00"]
[BlackClock "0:00:01"]
[Board "197"]

1. e4 e5 2. Nc3 Nf6 3. d4 exd4 4. Qxd4 Nc6 5. Qc4 d6 6. Bg5 Be7 7. O-O-O O-O 8. f4 Re8 9. Nf3 h6 10. Bxf6 Bxf6 11. e5 Be7 12. Bd3 g6 13. Bxg6 Be6 14. Qe4 Kg7 15. Bh5 Qd7 16. g4 d5 17. Nxd5 Bxd5 18. Rxd5 Qc8 19. Bxf7 Kxf7 20. Qh7+ Kf8 21. e6 Qxe6 22. Rf5+ Bf6 23. Qg6 Qe3+ 24. Kb1 Re6 25. Rxf6+ Rxf6 26. Qxf6+ Kg8 27. Ne5 Nxe5 28. fxe5 Rf8 29. Qg6+ Kh8 30. e6 Qf3 31. Rc1 Qf6 32. Qe4 Re8 0-1


[Site "https://www.chess.com"]

[Event "Titled Tuesday Blitz August 22 Early 2023"]
[White "Pax-Pramana"]
[Black "BeautiFullMindChess"]
[WhiteElo "2461"]
[BlackElo "2235"]
[Result "1-0"]
[Round "4"]
[TimeControl "180+1"]
[Date "2023.08.22"]
[WhiteClock "0:01:23"]
[BlackClock "0:00:00"]
[Board "198"]

1. e4 e5 2. Nf3 Nc6 3. d4 exd4 4. c3 dxc3 5. Nxc3 Bb4 6. Bc4 d6 7. Qb3 Bxc3+ 8. Qxc3 Qf6 9. Qe3 Bg4 10. Bd2 Bxf3 11. gxf3 Ne5 12. Be2 g5 13. h4 h6 14. O-O-O O-O-O 15. Qxa7 Ne7 16. hxg5 hxg5 17. Rxh8 Rxh8 18. Rg1 Rh5 19. f4 gxf4 20. Bxh5 Nd3+ 21. Kd1 Qxb2 22. Bg4+ f5 23. Bxf5+ Nxf5 24. Rg8+ Kd7 25. exf5 1-0


[Site "https://www.chess.com"]

[Event "Titled Tuesday Blitz August 22 Early 2023"]
[White "KSho99"]
[Black "Serban, Cristian-Stefan"]
[BlackFideId "1241443"]
[WhiteElo "2234"]
[BlackElo "2461"]
[Result "0-1"]
[Round "4"]
[TimeControl "180+1"]
[Date "2023.08.22"]
[WhiteClock "0:01:03"]
[BlackClock "0:01:55"]
[Board "199"]

1. Nf3 Nf6 2. g3 b5 3. Bg2 Bb7 4. O-O e6 5. d3 c5 6. a4 a6 7. e4 d6 8. Nc3 b4 9. Ne2 a5 10. h3 Nbd7 11. Be3 Be7 12. Nd2 O-O 13. f4 d5 14. e5 Ne8 15. d4 Ba6 16. Kh1 cxd4 17. Bxd4 Rc8 18. Rg1 Bxe2 19. Qxe2 Rxc2 20. Qd3 Rc8 21. g4 Bc5 22. Nf3 Qb6 23. Rad1 Bxd4 24. Nxd4 Nc5 25. Qg3 Nxa4 26. f5 Nxb2 27. fxe6 fxe6 28. Rd2 Nc4 29. Rd3 Nc7 30. Nf3 b3 31. Ng5 b2 32. Qh4 Qxg1+ 33. Kxg1 b1=Q+ 34. Kh2 Qxd3 35. Be4 Qxe4 36. Nxe4 dxe4 37. Qe7 e3 0-1


[Site "https://www.chess.com"]

[Event "Titled Tuesday Blitz August 22 Early 2023"]
[White "Luxama, Jacques Muller"]
[Black "Dudzinski, Pawel"]
[WhiteFideId "11900113"]
[BlackFideId "1117890"]
[WhiteElo "2232"]
[BlackElo "2461"]
[Result "0-1"]
[Round "4"]
[TimeControl "180+1"]
[Date "2023.08.22"]
[WhiteClock "0:00:12"]
[BlackClock "0:00:14"]
[Board "200"]

1. d4 f5 2. c4 Nf6 3. Nc3 d6 4. g3 c6 5. Nf3 g6 6. Bg2 Bg7 7. O-O O-O 8. d5 e5 9. dxe6 Bxe6 10. Qd3 Na6 11. Bf4 Ne8 12. Ng5 Qe7 13. Nxe6 Qxe6 14. Nd5 Bxb2 15. Rab1 Nc5 16. Qc2 Be5 17. Be3 Rf7 18. Nf4 Qf6 19. Bxc5 dxc5 20. Nd3 Bd6 21. a4 Re7 22. a5 Rc8 23. a6 b6 24. e3 Ng7 25. Qa4 Bb8 26. Rbd1 h5 27. Rd2 h4 28. Rfd1 hxg3 29. hxg3 Nh5 30. Ne1 Nxg3 31. fxg3 Bxg3 32. Rd8+ Rxd8 33. Rxd8+ Kg7 34. Qxc6 Qxc6 35. Bxc6 Bxe1 36. Bd5 Bh4 37. Rg8+ Kh6 38. Kg2 Rxe3 39. Ra8 Re7 40. Kf3 g5 41. Rf8 Kg6 42. Rg8+ Rg7 43. Re8 g4+ 44. Kf4 Bg5+ 45. Kg3 Re7 46. Rg8+ Kf6 47. Rf8+ Ke5 48. Rg8 Bf4+ 49. Kf2 Rh7 50. Re8+ Kd4 51. Rf8 Be3+ 52. Kg3 Rh3+ 53. Kg2 f4 54. Rg8 Rg3+ 55. Kf1 f3 56. Be6 Rg1# 0-1


[Site "https://www.chess.com"]

[Event "Titled Tuesday Blitz August 22 Early 2023"]
[White "Ljukin, Sergei"]
[Black "Thiel, Thomas"]
[WhiteFideId "14102200"]
[BlackFideId "4615964"]
[WhiteElo "2461"]
[BlackElo "2231"]
[Result "0-1"]
[Round "4"]
[TimeControl "180+1"]
[Date "2023.08.22"]
[WhiteClock "0:00:57"]
[BlackClock "0:01:34"]
[Board "201"]

1. e4 d5 2. exd5 Nf6 3. d4 Nxd5 4. c4 Nb6 5. Nf3 g6 6. Nc3 Bg7 7. c5 Nd5 8. Bc4 Nxc3 9. bxc3 O-O 10. O-O Nc6 11. Re1 Bg4 12. h3 Bxf3 13. Qxf3 Nxd4 14. cxd4 Qxd4 15. Rb1 Qxc4 16. Rxb7 Qxc5 17. Ba3 Qc3 18. Qxc3 Bxc3 19. Rxe7 Ba5 20. Bb2 Bb6 21. Be5 Rae8 22. Rxe8 Rxe8 23. Bxc7 Re1+ 24. Kh2 Bxf2 25. Bg3 Bxg3+ 26. Kxg3 Re3+ 27. Kf2 Ra3 28. Rb2 Kg7 29. Rc2 Kf6 30. Re2 Kf5 31. Kg1 h5 32. Kf2 h4 33. Kg1 f6 34. Kf2 Kf4 35. Rb2 f5 36. Rb4+ Kg5 37. Rb2 Kh5 38. Kg1 g5 39. Rc2 g4 40. hxg4+ Kxg4 41. Kh2 f4 42. Rb2 h3 43. gxh3+ Rxh3+ 44. Kg2 f3+ 45. Kg1 Kg3 46. Rb3 Rh4 0-1


[Site "https://www.chess.com"]

[Event "Titled Tuesday Blitz August 22 Early 2023"]
[White "dodoucb"]
[Black "Clawitter, Craig"]
[BlackFideId "2023105"]
[WhiteElo "2457"]
[BlackElo "2220"]
[Result "1-0"]
[Round "4"]
[TimeControl "180+1"]
[Date "2023.08.22"]
[WhiteClock "0:00:17"]
[BlackClock "0:00:10"]
[Board "202"]

1. d4 e6 2. Nf3 Nf6 3. c4 d5 4. Nc3 dxc4 5. e3 c5 6. Bxc4 Nc6 7. O-O cxd4 8. exd4 Be7 9. Re1 O-O 10. h3 b6 11. d5 Na5 12. Bd3 exd5 13. Ne5 Bb7 14. a3 Ne4 15. Qh5 g6 16. Qe2 Nb3 17. Bh6 Nxa1 18. Rxa1 Bf6 19. Bxf8 Bxe5 20. Bxe4 Bxc3 21. Bh6 Bg7 22. Bxg7 Kxg7 23. Bf3 Qf6 24. Rd1 Rd8 25. Qc2 Ba8 26. Qa4 a5 27. Qb5 d4 28. Bxa8 Rxa8 29. Rd3 Rd8 30. Qc4 Rd6 31. b4 axb4 32. axb4 Qd8 33. g3 Qf6 34. Kg2 Qf5 35. Rf3 Qd5 36. Qd3 b5 37. g4 Qc4 38. Kg3 Qxd3 39. Rxd3 Kf6 40. Kf4 g5+ 41. Ke4 h5 42. Rxd4 Rxd4+ 43. Kxd4 hxg4 44. hxg4 Ke6 45. Kc5 Ke5 46. Kxb5 Kf4 47. Kc6 Kxg4 48. b5 Kf3 49. b6 Kxf2 50. b7 g4 51. b8=Q g3 52. Qf4+ Kg2 53. Qxf7 Kg1 54. Qf3 g2 55. Qe3+ Kh2 56. Qh6+ Kg1 57. Kd5 Kf2 58. Qf4+ Ke1 59. Qg3+ Kf1 60. Qf3+ Kg1 61. Ke4 Kh2 62. Qh5+ Kg1 63. Kf3 Kf1 64. Qb5+ Kg1 65. Qg5 Kf1 66. Qxg2+ Ke1 67. Qe2# 1-0


[Site "https://www.chess.com"]

[Event "Titled Tuesday Blitz August 22 Early 2023"]
[White "Sailer, Mike"]
[Black "Liu, Casper"]
[WhiteFideId "2012901"]
[BlackFideId "1454153"]
[WhiteElo "2219"]
[BlackElo "2456"]
[Result "0-1"]
[Round "4"]
[TimeControl "180+1"]
[Date "2023.08.22"]
[WhiteClock "0:00:00"]
[BlackClock "0:00:11"]
[Board "203"]

1. e4 c5 2. b3 Na6 3. Bxa6 bxa6 4. Bb2 Bb7 5. Nc3 g6 6. f4 Bg7 7. Nf3 Nf6 8. d3 O-O 9. O-O d5 10. e5 Ng4 11. Qe2 c4 12. h3 cxd3 13. cxd3 d4 14. Ne4 Ne3 15. Rfc1 Nf5 16. Nc5 Bc6 17. Nxa6 Rc8 18. Nc5 Qd5 19. b4 Rfd8 20. a4 h5 21. Rc4 Bh6 22. Nxd4 Ne3 23. Nxc6 Nxc4 24. Nxd8 Nxb2 25. Qxb2 Bxf4 26. e6 Rxd8 27. exf7+ Qxf7 28. Qf2 e5 29. Rf1 Qe7 30. Kh1 h4 31. Qf3 Qg5 32. Ne4 Qe7 33. Nc5 Rf8 34. Re1 Qg5 0-1


[Site "https://www.chess.com"]

[Event "Titled Tuesday Blitz August 22 Early 2023"]
[White "Andreassen, Lars"]
[Black "Derichs, Roger"]
[WhiteFideId "1504878"]
[BlackFideId "4630076"]
[WhiteElo "2219"]
[BlackElo "2456"]
[Result "0-1"]
[Round "4"]
[TimeControl "180+1"]
[Date "2023.08.22"]
[WhiteClock "0:00:01"]
[BlackClock "0:00:22"]
[Board "204"]

1. d4 d6 2. Nf3 Bg4 3. e4 Nf6 4. Nc3 e6 5. Bg5 Be7 6. Qd2 d5 7. exd5 Nxd5 8. Bxe7 Qxe7 9. Be2 O-O 10. O-O Rd8 11. Rfe1 c5 12. Ne5 Bxe2 13. Rxe2 Nxc3 14. bxc3 Nd7 15. Rae1 Nxe5 16. Rxe5 cxd4 17. cxd4 Qc7 18. d5 Rac8 19. Qe3 Qc5 20. dxe6 Qxe3 21. exf7+ Kxf7 22. R5xe3 Rd7 23. c3 Rdc7 24. Rf3+ Kg8 25. Ree3 b5 26. a3 Rc4 27. g3 h6 28. Re7 R8c7 29. Rxc7 Rxc7 30. Kg2 Rc4 31. Rf5 a6 32. Rf3 Ra4 33. Re3 Rxa3 34. Kf3 Rb3 35. Ke4 Rb2 36. Rf3 a5 37. Kd5 a4 38. Re3 Rxf2 39. h4 Rb2 40. Kc5 Rb3 41. Kd4 b4 42. cxb4 Rxe3 43. Kxe3 a3 44. Kd3 a2 0-1


[Site "https://www.chess.com"]

[Event "Titled Tuesday Blitz August 22 Early 2023"]
[White "Swicarz, Maciej"]
[Black "Pert, Nina"]
[WhiteFideId "1113585"]
[BlackFideId "456853"]
[WhiteElo "2456"]
[BlackElo "2207"]
[Result "1-0"]
[Round "4"]
[TimeControl "180+1"]
[Date "2023.08.22"]
[WhiteClock "0:01:13"]
[BlackClock "0:00:08"]
[Board "205"]

1. e4 e6 2. d4 d5 3. e5 c5 4. Qg4 cxd4 5. Nf3 Nc6 6. Bd3 Nge7 7. O-O Ng6 8. Re1 Be7 9. a3 Qb6 10. h4 Bf8 11. h5 Nge7 12. c3 Bd7 13. cxd4 O-O-O 14. Nc3 f6 15. b4 f5 16. Qf4 h6 17. Bb2 g5 18. hxg6 Nxg6 19. Qe3 h5 20. Na4 Qc7 21. b5 Bh6 22. Ng5 Na5 23. Rec1 Nc4 24. Bxc4 dxc4 25. d5 Bxb5 26. Qxa7 Bxa4 27. Qxa4 exd5 28. Ne6 Qb6 29. Nxd8 Rxd8 30. Rcb1 Qc5 31. e6 Nf4 32. Qa8+ Kc7 33. Be5+ Rd6 34. Rxb7+ Kc6 35. Qc8# 1-0


[Site "https://www.chess.com"]

[Event "Titled Tuesday Blitz August 22 Early 2023"]
[White "Sava, Christiansen-Danut-Eugen"]
[Black "Fule, Simon"]
[WhiteFideId "1210114"]
[BlackFideId "787515"]
[WhiteElo "2201"]
[BlackElo "2456"]
[Result "0-1"]
[Round "4"]
[TimeControl "180+1"]
[Date "2023.08.22"]
[WhiteClock "0:00:09"]
[BlackClock "0:00:04"]
[Board "206"]

1. c4 e5 2. e3 d6 3. Nc3 g6 4. d4 Nd7 5. Nf3 Bg7 6. Be2 f5 7. O-O Ngf6 8. Ng5 Qe7 9. d5 Nb8 10. c5 O-O 11. c6 bxc6 12. dxc6 h6 13. Bc4+ Kh8 14. Nf3 Nxc6 15. Nd5 Nxd5 16. Bxd5 Bb7 17. Bd2 Nd8 18. Bxb7 Nxb7 19. Rc1 c5 20. Bc3 Qe6 21. a3 Nd8 22. Qa4 Nf7 23. Rfd1 Rfd8 24. Qa6 g5 25. Ba5 Rd7 26. Nd2 Re8 27. Nc4 d5 28. Qxe6 Rxe6 29. b4 cxb4 30. axb4 Kh7 31. f3 Rc6 32. e4 fxe4 33. fxe4 d4 34. Nb2 Rxc1 35. Rxc1 Nd6 36. Re1 Nb5 37. Nd3 Nc3 38. Kf2 Rf7+ 39. Kg3 h5 40. h4 Bh6 41. hxg5 Bxg5 42. Rh1 Nxe4+ 43. Kh2 Kg6 44. Nxe5+ Kf6 45. Nxf7 Kxf7 46. Rd1 Be3 47. Rf1+ Ke6 48. b5 d3 49. Rd1 Nf2 50. Rf1 d2 51. Bxd2 Ng4+ 52. Kg3 Bxd2 53. Kh4 Nf6 54. Rd1 Be3 55. Re1 Nd5 56. Kxh5 Kd6 57. g4 Kc5 58. g5 Kxb5 59. g6 Bd4 60. Rd1 Kc4 61. Kg5 a5 62. Kf5 Ne3+ 63. Ke4 Nxd1 64. Kf3 a4 65. Ke2 Nc3+ 66. Kd2 Kb3 67. g7 Bxg7 68. Kc1 a3 69. Kd2 a2 70. Kd3 a1=Q 71. Ke3 Qe1+ 72. Kf3 Qe2+ 73. Kg3 Ne4+ 74. Kh4 Bf6+ 75. Kh3 Qf3+ 76. Kh2 Be5+ 77. Kg1 Qf2+ 78. Kh1 Ng3# 0-1


[Site "https://www.chess.com"]